EL
TRENTON THUNDER @ NEW HAMPSHIRE FISHER CATS
07/08/2049
 
TOP OF THE 1ST
Trenton Thunder batting - Pitching for New Hampshire Fisher Cats : RHP Bill Dillard
Pitching: RHP Bill Dillard
Batting: LHB Justin O'Neal 0-0: Ball
1-0: Called Strike
1-1: Foul Ball, location: 2F
1-2: Strikes out swinging
Batting: LHB Steve LeGrand 0-0: Ball
1-0: Foul Ball, location: 2F
1-1: Foul Ball, location: 2F
1-2: Strikes out looking
Batting: SHB Corey Penson 0-0: Fly out, F7 (Flyball, 7D, EV 102.5 MPH)
Top of the 1st over - 0 runs, 0 hits, 0 errors, 0 left on base; Trenton 0 - New Hampshire 0
BOTTOM OF THE 1ST
New Hampshire Fisher Cats batting - Pitching for Trenton Thunder : RHP George Rosario
Pitching: RHP George Rosario
Batting: RHB Justin Geiger 0-0: Swinging Strike
0-1: Ball
1-1: Swinging Strike
1-2: Strikes out swinging
Batting: RHB Stephen Casteel 0-0: Ball
1-0: Called Strike
1-1: Fly out, F7 (Line Drive, 7, EV 90.0 MPH)
Batting: LHB Gabe Pace 0-0: Called Strike
0-1: Foul Ball, location: 2F
0-2: Ball
1-2: Ball
2-2: Fly out, F9 (Flyball, 9D, EV 80.0 MPH)
Bottom of the 1st over - 0 runs, 0 hits, 0 errors, 0 left on base; Trenton 0 - New Hampshire 0
TOP OF THE 2ND
Trenton Thunder batting - Pitching for New Hampshire Fisher Cats : RHP Bill Dillard
Batting: LHB Dale Anderson 0-0: Called Strike
0-1: Called Strike
0-2: Strikes out swinging
Batting: RHB Elmar Adenauer 0-0: Called Strike
0-1: Ball
1-1: Ball
2-1: Foul Ball, location: 2F
2-2: Ball
3-2: SINGLE (Groundball, 56D, EV 109.4 MPH)
Batting: RHB Phil Reeves 0-0: Called Strike
0-1: Fielders Choice at 2nd, 6-4 (Groundball, 6, EV 81.2 MPH)
Batting: RHB Javier Umanzor 0-0: Called Strike
0-1: Foul Ball, location: 2F
0-2: Ball
1-2: Strikes out swinging
Top of the 2nd over - 0 runs, 1 hit, 0 errors, 1 left on base; Trenton 0 - New Hampshire 0
BOTTOM OF THE 2ND
New Hampshire Fisher Cats batting - Pitching for Trenton Thunder : RHP George Rosario
Batting: RHB Jon Aguilar 0-0: Called Strike
0-1: Ball
1-1: Foul Ball, location: 2F
1-2: Ground out U3 (Groundball, 3, EV 105.0 MPH)
Batting: RHB John Hering 0-0: Ball
1-0: SINGLE (Groundball, 56D, EV 106.9 MPH)
Batting: RHB Chris Martin 0-0: Called Strike
0-1: Ball
1-1: Foul Ball, location: 2F
1-2: Ball
2-2: Ball
3-2: Strikes out swinging
Batting: RHB Marcos Villalobos 0-0: Fielders Choice at 2nd, 5-4 (Groundball, 56, EV 105.6 MPH)
Bottom of the 2nd over - 0 runs, 1 hit, 0 errors, 1 left on base; Trenton 0 - New Hampshire 0
TOP OF THE 3RD
Trenton Thunder batting - Pitching for New Hampshire Fisher Cats : RHP Bill Dillard
Batting: RHB Jonathan Iniguez 0-0: Called Strike
0-1: Swinging Strike
0-2: Ball
1-2: Foul Ball, location: 2F
1-2: Ball
2-2: Strikes out swinging
Batting: SHB Houston Phillips 0-0: Ball
1-0: Called Strike
1-1: Ball
2-1: Fly out, F9 (Flyball, 9LM, EV 64.4 MPH)
Batting: LHB Justin O'Neal 0-0: Ball
1-0: SINGLE (Groundball, 34S, EV 65.0 MPH) (infield hit)
Batting: LHB Steve LeGrand 0-0: Called Strike
0-1: Foul Ball, location: 2F
0-2: SINGLE (Line Drive, 6D, EV 98.8 MPH)
Justin O'Neal to second
Batting: SHB Corey Penson 0-0: Ball
1-0: Called Strike
1-1: Foul Ball, location: 2F
1-2: Foul Ball, location: 2F
1-2: Strikes out swinging
Top of the 3rd over - 0 runs, 2 hits, 0 errors, 2 left on base; Trenton 0 - New Hampshire 0
BOTTOM OF THE 3RD
New Hampshire Fisher Cats batting - Pitching for Trenton Thunder : RHP George Rosario
Batting: RHB Kirk Seiffert 0-0: Ball
1-0: Ball
2-0: Ball
3-0: Base on Balls
Batting: RHB Justin Powell 0-0: Ball
1-0: Ball
2-0: Ball
Kirk Seiffert steals 2nd base
3-0: Base on Balls
Batting: RHB Justin Geiger 0-0: Called Strike
0-1: Ball
1-1: Ball
Wild Pitch!
Kirk Seiffert to third
Justin Powell to second
2-1: Foul Ball, location: 2F
2-2: Strikes out swinging
Batting: RHB Stephen Casteel 0-0: Ground out 4-3 (Groundball, 4, EV 104.4 MPH)
Kirk Seiffert scores
Justin Powell to third
Batting: LHB Gabe Pace 0-0: DOUBLE (Line Drive, 78XD, EV 103.1 MPH)
Justin Powell scores
Batting: RHB Jon Aguilar 0-0: Foul Ball, location: 2F
0-1: Foul Ball, location: 2F
0-2: Ball
1-2: Strikes out swinging
Bottom of the 3rd over - 2 runs, 1 hit, 0 errors, 1 left on base; Trenton 0 - New Hampshire 2
TOP OF THE 4TH
Trenton Thunder batting - Pitching for New Hampshire Fisher Cats : RHP Bill Dillard
Batting: LHB Dale Anderson 0-0: Ball
1-0: Called Strike
1-1: Fly out, F8 (Flyball, 8LM, EV 75.6 MPH)
Batting: RHB Elmar Adenauer 0-0: Swinging Strike
0-1: Ground out 5-3 (Groundball, 56, EV 86.9 MPH)
Batting: RHB Phil Reeves 0-0: Ball
1-0: Fly out, F7 (Line Drive, 7, EV 94.4 MPH)
Top of the 4th over - 0 runs, 0 hits, 0 errors, 0 left on base; Trenton 0 - New Hampshire 2
BOTTOM OF THE 4TH
New Hampshire Fisher Cats batting - Pitching for Trenton Thunder : RHP George Rosario
Batting: RHB John Hering 0-0: Ball
1-0: Called Strike
1-1: SINGLE (Groundball, 34D, EV 94.4 MPH)
Batting: RHB Chris Martin 0-0: Ball
John Hering steals 2nd base (no throw)
1-0: Swinging Strike
1-1: Foul Ball, location: 2F
1-2: Ball
2-2: Strikes out swinging
Batting: RHB Marcos Villalobos 0-0: Ball
1-0: Ball
2-0: TRIPLE (Flyball, 89XD, EV 108.8 MPH)
John Hering scores
Batting: RHB Kirk Seiffert 0-0: Ball
1-0: Ball
Wild Pitch!
Marcos Villalobos scores
2-0: Ball
3-0: Called Strike
3-1: Called Strike
3-2: Foul Ball, location: 2F
3-2: Foul Ball, location: 2F
3-2: Fly out, F8 (Flyball, 8RD, EV 89.4 MPH)
Batting: RHB Justin Powell 0-0: Ground out 6-3 (Groundball, 6, EV 104.4 MPH)
Bottom of the 4th over - 2 runs, 2 hits, 0 errors, 0 left on base; Trenton 0 - New Hampshire 4
TOP OF THE 5TH
Trenton Thunder batting - Pitching for New Hampshire Fisher Cats : RHP Bill Dillard
Batting: RHB Javier Umanzor 0-0: Ball
1-0: Called Strike
1-1: Fly out, F8 (Flyball, 8LM, EV 84.4 MPH)
Batting: RHB Jonathan Iniguez 0-0: Ground out U3 (Groundball, 34, EV 103.8 MPH)
Batting: SHB Houston Phillips 0-0: Ball
1-0: Ground out 1-3 (Groundball, 34S, EV 64.4 MPH)
Top of the 5th over - 0 runs, 0 hits, 0 errors, 0 left on base; Trenton 0 - New Hampshire 4
BOTTOM OF THE 5TH
New Hampshire Fisher Cats batting - Pitching for Trenton Thunder : RHP George Rosario
Batting: RHB Justin Geiger 0-0: Ball
1-0: SINGLE (Flyball, 9LS, EV 91.2 MPH)
Batting: RHB Stephen Casteel 0-0: Ball
1-0: Called Strike
1-1: Ball
2-1: Foul Ball, location: 2F
2-2: Fielders Choice at 2nd, 4-6 (Groundball, 4, EV 82.5 MPH)
Batting: LHB Gabe Pace 0-0: Ball
1-0: Called Strike
Stephen Casteel steals 2nd base (no throw)
1-1: Ball
2-1: Ground out 5-3 (Groundball, 56, EV 104.4 MPH)
Batting: RHB Jon Aguilar 0-0: Ball
1-0: Foul Ball, location: 2F
1-1: Ball
2-1: Ball
3-1: Called Strike
3-2: Foul Ball, location: 2F
3-2: Fly out, F9 (Flyball, 89D, EV 100.6 MPH)
Bottom of the 5th over - 0 runs, 1 hit, 0 errors, 1 left on base; Trenton 0 - New Hampshire 4
TOP OF THE 6TH
Trenton Thunder batting - Pitching for New Hampshire Fisher Cats : RHP Bill Dillard
Batting: LHB Justin O'Neal 0-0: Ball
1-0: Swinging Strike
1-1: Ball
2-1: Swinging Strike
2-2: Ground out 6-3 (Groundball, 6M, EV 83.8 MPH)
Batting: LHB Steve LeGrand 0-0: Ball
1-0: Called Strike
1-1: Ground out 4-3 (Groundball, 4M, EV 100.6 MPH)
Batting: SHB Corey Penson 0-0: Foul Ball, location: 2F
0-1: Ball
1-1: Swinging Strike
1-2: SINGLE (Groundball, 4MD, EV 93.8 MPH)
Batting: LHB Dale Anderson 0-0: Foul Ball, location: 2F
0-1: Ball
Wild Pitch!
Corey Penson to second
1-1: Swinging Strike
1-2: Foul Ball, location: 2F
1-2: Foul Ball, location: 2F
1-2: SINGLE (Line Drive, 56D, EV 95.0 MPH)
Corey Penson to third
Runner from 3rd tries for Home, SAFE, throw by LF to home
Batting: RHB Elmar Adenauer 0-0: Swinging Strike
0-1: Ball
1-1: Foul Ball, location: 2F
1-2: Ball
2-2: Strikes out looking
Top of the 6th over - 1 run, 2 hits, 0 errors, 1 left on base; Trenton 1 - New Hampshire 4
BOTTOM OF THE 6TH
New Hampshire Fisher Cats batting - Pitching for Trenton Thunder : RHP George Rosario
Batting: RHB John Hering 0-0: Ball
1-0: Fly out, F7 (Flyball, 7LS, EV 83.8 MPH)
Batting: RHB Chris Martin 0-0: Ground out 6-3 (Groundball, 6, EV 88.1 MPH)
Batting: RHB Marcos Villalobos 0-0: Ball
1-0: Ball
2-0: Foul Ball, location: 2F
2-1: Foul Ball, location: 2F
2-2: Ground out 4-3 (Groundball, 4, EV 97.5 MPH)
Bottom of the 6th over - 0 runs, 0 hits, 0 errors, 0 left on base; Trenton 1 - New Hampshire 4
TOP OF THE 7TH
Trenton Thunder batting - Pitching for New Hampshire Fisher Cats : RHP Bill Dillard
Batting: RHB Phil Reeves 0-0: Foul Ball, location: 2F
0-1: Called Strike
0-2: Ball
1-2: Strikes out swinging
Batting: RHB Javier Umanzor 0-0: Foul Ball, location: 2F
0-1: Ball
1-1: Ball
2-1: Ground out 6-3 (Groundball, 6, EV 106.2 MPH)
Batting: RHB Jonathan Iniguez 0-0: Ball
1-0: Ball
2-0: SINGLE (Groundball, 6S, EV 70.6 MPH) (infield hit)
Batting: SHB Houston Phillips 0-0: Ball
Jonathan Iniguez steals 2nd base
1-0: Foul Ball, location: 2F
1-1: Fly out, F8 (Flyball, 8RM, EV 87.5 MPH)
Top of the 7th over - 0 runs, 1 hit, 0 errors, 1 left on base; Trenton 1 - New Hampshire 4
BOTTOM OF THE 7TH
New Hampshire Fisher Cats batting - Pitching for Trenton Thunder : RHP George Rosario
Batting: RHB Kirk Seiffert 0-0: Foul Ball, location: 2F
0-1: Fly out, F8 (Flyball, 8LD, EV 80.0 MPH)
Batting: RHB Justin Powell 0-0: Called Strike
0-1: Foul Ball, location: 2F
0-2: Ball
1-2: Fly out, F8 (Line Drive, 8LM, EV 93.1 MPH)
Batting: RHB Justin Geiger 0-0: Ball
1-0: Ball
2-0: Called Strike
2-1: Swinging Strike
2-2: Foul Ball, location: 2F
2-2: Foul Ball, location: 2F
2-2: Foul Ball, location: 2F
2-2: Strikes out swinging
Bottom of the 7th over - 0 runs, 0 hits, 0 errors, 0 left on base; Trenton 1 - New Hampshire 4
TOP OF THE 8TH
Trenton Thunder batting - Pitching for New Hampshire Fisher Cats : RHP Bill Dillard
Batting: LHB Justin O'Neal 0-0: Called Strike
0-1: SINGLE (Line Drive, 9S, EV 89.4 MPH)
Batting: LHB Steve LeGrand 0-0: Ball
1-0: Swinging Strike
1-1: Ball
2-1: Foul Ball, location: 2F
2-2: Fielders Choice at 2nd, 4-6 (Groundball, 34, EV 81.9 MPH)
Batting: SHB Corey Penson 0-0: Ball
1-0: Ball
2-0: Swinging Strike
2-1: Called Strike
2-2: Ball
3-2: Base on Balls
Steve LeGrand to second
Batting: LHB Dale Anderson 0-0: Called Strike
0-1: Foul Ball, location: 2F
0-2: Foul Ball, location: 2F
0-2: Fly out, F7 (Line Drive, 7LS, EV 90.0 MPH)
Pinch Hitting: SHB David Stewart 0-0: Called Strike
0-1: Ball
1-1: Swinging Strike
1-2: Foul Ball, location: 2F
1-2: Ball
2-2: Ball
3-2: Strikes out swinging
Top of the 8th over - 0 runs, 1 hit, 0 errors, 2 left on base; Trenton 1 - New Hampshire 4
BOTTOM OF THE 8TH
New Hampshire Fisher Cats batting - Pitching for Trenton Thunder : RHP George Rosario
Pitching: RHP Ken Howington
Now at 3B: David Stewart
Batting: RHB Stephen Casteel 0-0: Called Strike
0-1: Called Strike
0-2: Ball
1-2: Ground out 6-3 (Groundball, 6, EV 88.1 MPH)
Batting: LHB Gabe Pace 0-0: Ball
1-0: Ball
2-0: Foul Ball, location: 2F
2-1: Ball
3-1: Base on Balls
Batting: RHB Jon Aguilar 0-0: Called Strike
0-1: Foul Ball, location: 2F
0-2: Ball
1-2: Strikes out swinging
Batting: RHB John Hering 0-0: Called Strike
0-1: Ball
Gabe Pace steals 2nd base
1-1: Ground out 6-3 (Groundball, 6S, EV 78.1 MPH)
Bottom of the 8th over - 0 runs, 0 hits, 0 errors, 1 left on base; Trenton 1 - New Hampshire 4
TOP OF THE 9TH
Trenton Thunder batting - Pitching for New Hampshire Fisher Cats : RHP Bill Dillard
Pitching: LHP Nick Burnstein
Batting: RHB Phil Reeves 0-0: Ball
1-0: Called Strike
1-1: Ball
2-1: Fly out, F7 (Flyball, 7D, EV 85.6 MPH)
Batting: RHB Javier Umanzor 0-0: Ball
1-0: SINGLE (Groundball, 6MD, EV 100.0 MPH)
Batting: RHB Jonathan Iniguez 0-0: Called Strike
0-1: Ball
1-1: SINGLE (Groundball, 4M, EV 106.9 MPH) (infield hit)
Javier Umanzor to second
Pinch Hitting: RHB Sam Hubbert 0-0: Foul Ball, location: 2F
0-1: Foul Ball, location: 2F
0-2: Ball
1-2: Ball
2-2: Strikes out swinging
Pinch Hitting: RHB Greg Harden 0-0: Ball
1-0: Ball
2-0: Ball
3-0: Called Strike
3-1: Base on Balls
Javier Umanzor to third
Jonathan Iniguez to second
Batting: LHB Steve LeGrand 0-0: Foul Ball, location: 2F
0-1: Ball
1-1: Foul Ball, location: 2F
1-2: Foul Ball, location: 2F
1-2: Ball
2-2: Foul Ball, location: 2F
2-2: Strikes out swinging
Top of the 9th over - 0 runs, 2 hits, 0 errors, 3 left on base; Trenton 1 - New Hampshire 4
Sunday, July 16th , 2023 - OOTP Baseball 24.6 Build 69